 Dungeon Crawl Stone Soup version 0.32-a0-38-gb04dd89b9b (webtiles) character file.

Game seed: 998472716753337429

5302 Newt the Slicer (level 10, -3/74 HPs)
             Began as a Merfolk Gladiator on Jan 23, 2024.
             Was an Elder of Okawaru.
             Slain by a troll (9 damage)
             ... on level 9 of the Dungeon.
             The game lasted 00:13:14 (8681 turns).

Newt the Slicer (Merfolk Gladiator)                 Turns: 8681, Time: 00:13:15

Health: -3/74      AC:  6    Str: 20    XL:     10   Next: 63%
Magic:  4/4        EV: 14    Int:  8    God:    Okawaru [****..]
Gold:   339        SH:  8    Dex: 18    Spells: 9/9 levels left

rFire   . . .        m - +6 short sword of Painful Death {antimagic, ^Contam rElec rPois rN+}
rCold   . . .        D - +0 kite shield
rNeg    + . .        n - +0 robe of Powerful Wonder {rElec Will++ Regen+ Str-2}
rPois   +            c - +1 helmet
rElec   +            (no cloak)
rCorr   .            (no gloves)
SInv    +            J - +1 pair of boots
Will    ++...        y - amulet of faith
Stlth   +++++        t - +6 ring of strength
HPRegen 1.12/turn    w - ring of see invisible
MPRegen 0.09/turn

%: faith
@: no status effects
A: (nimble swimmer 2), mertail
a: Renounce Religion, Heroism, Finesse


You were on level 9 of the Dungeon.
You worshipped Okawaru.
Okawaru was greatly pleased with you.
You visited 2 branches of the dungeon, and saw 10 of its levels.
You also visited: Sewer.

You collected 514 gold pieces.
You spent 175 gold pieces at shops.

Inventory:

Hand Weapons
 a - a +1 trident
 m - the +6 short sword of Painful Death (weapon) {antimagic, ^Contam rElec rPois rN+}
   (You found it on level 2 of the Dungeon)

   rElec:     It insulates you from electricity.
   rPois:     It protects you from poison rN+: It protects you from negative
   energy.
   ^Contam:   It causes magical contamination when unequipped.
Missiles
 d - 2 throwing nets (quivered)
 e - a javelin
 q - 30 poisoned darts
Armour
 b - a +0 leather armour
 c - a +1 helmet (worn)
 f - an orb of wrath
 h - a +1 ring mail of fire resistance
 n - the +0 robe of Powerful Wonder (worn) {rElec Will++ Regen+ Str-2}
   (You found it on level 2 of the Dungeon)

   Str-2:     It affects your strength (-2).
   rElec:     It insulates you from electricity.
   Will++:    It greatly increases your willpower.
   Regen+:    It increases your rate of health regeneration.
 B - a +0 leather armour of poison resistance
 D - a +0 kite shield (worn)
 J - a +1 pair of boots (worn)
 K - the +8 chain mail of Deil {-Cast rCorr Dex+5 SInv}
   (You found it on level 9 of the Dungeon)

   Dex+5:     It affects your dexterity (+5).
   SInv:      It lets you see invisible.
   -Cast:     It prevents spellcasting.
   rCorr:     It protects you from acid and corrosion.
Jewellery
 l - a ring of wizardry
 s - a ring of ice
 t - a +6 ring of strength (left hand)
 w - a ring of see invisible (right hand)
 y - an amulet of faith (around neck)
 G - a ring of ice
Wands
 r - a wand of iceblast (5)
 z - a wand of flame (37)
 H - a wand of acid (7)
Scrolls
 j - 5 scrolls of poison
 k - 4 scrolls of teleportation
 A - a scroll of fear
 C - 2 scrolls of immolation
 E - a scroll of vulnerability
 I - a scroll of identify
Potions
 g - 3 potions of curing
 i - 2 potions of haste
 o - 6 potions of heal wounds
 p - 4 potions of enlightenment
 u - a potion of cancellation
 v - 2 potions of might
 x - 2 potions of magic
 F - a potion of mutation {unknown}


   Skills:
 - Level 5.0 Fighting
 - Level 10.0 Short Blades
 - Level 4.0 Polearms
 - Level 2.0 Throwing
 - Level 7.0 Dodging
 - Level 10.0 Stealth
 + Level 5.3 Invocations
 - Level 6.0 Evocations


You had 9 spell levels left.
You didn't know any spells.
Your spell library contained the following spells:

 Spells                   Type           Power      Damage    Failure   Level
 Frozen Ramparts          Ice            0%         1d1       98%         3
 Stone Arrow              Conj/Erth      0%         3d7       98%         3
 Leda's Liquefaction      Alch/Erth      0%         N/A       100%        4
 Petrify                  Alch/Erth      0%         N/A       100%        4
 Metabolic Englaciation   Hex/Ice        0%         N/A       100%        5
 Orb of Destruction       Conj           0%         9d5       100%        7
 Lehudib's Crystal Spear  Conj/Erth      0%         10d2      100%        8
 Animate Armour           Summ/Erth      Unusable   N/A       N/A         4
 Summon Blazeheart Golem  Fire/Summ      Unusable   N/A       N/A         4
 Spellforged Servitor     Conj/Summ      Unusable   N/A       N/A         7

Dungeon Overview and Level Annotations

Branches:
Dungeon (9/15)             Temple (1/1) D:5            Lair (0/5) D:8
  Sewer (visited)
    Orc: D:9-12

Altars:
Ashenzari
Cheibriados
Dithmenos
Elyvilon
Fedhas
Gozag
Hepliaklqana
Kikubaaqudgha
Makhleb
Nemelex Xobeh
Okawaru
Qazlal
Ru
Sif Muna
Trog
Uskayaw
Vehumet
Wu Jian
Xom
Yredelemnul
Zin
The Shining One

Shops:
D:6 [   D:9 *

Annotations:
D:4 1 runed translucent door, lucidstorm14's ghost, amateur MiFi


Innate Abilities, Weirdness & Mutations

((You are very nimble when in or above water. (Stealth+, EV+, Speed+++)))
Your lower body shifts to a powerful aquatic tail in water.


Message History

You block the vampire's attack. x2; The troll struggles against the net.
Unknown command.
You hit the vampire.
You destroy the vampire!
Okawaru accepts your kill.
Unknown command.
You hit the troll but do no damage.
The troll struggles against the net.
You puncture the troll!
The troll is moderately wounded.
The troll struggles against the net.
You puncture the troll!
The troll is heavily wounded.
You hit the troll.
The troll is severely wounded.
The troll struggles against the net.
You puncture the troll!
The troll is severely wounded.
The troll struggles against the net.
You hit the troll.
The troll is almost dead.
You hit the troll.
The troll is almost dead.
The troll struggles against the net.
The net rips apart, and the troll comes free!
You hit the troll but do no damage.
The troll is almost dead.
The troll bites you!
* * * LOW HITPOINT WARNING * * *
The troll claws you.
* * * LOW HITPOINT WARNING * * *
The troll completely misses you.
Throw: 3 throwing nets
Press: ? - help, Q - select action, (/) - cycle Shift-Dir - straight line, f - troll
Aim: a troll (almost dead, 62% to hit)
You throw a throwing net.
The throwing net closely misses the troll.
The troll bites you.
* * * LOW HITPOINT WARNING * * *
The troll claws you!
You die...

#.#.... (. #.
#.#.... ..###.#####
#.#....
....∩.....###
..+....
#..........###
..#....
#...........
..+.... #.......#.#
#.... #...T...'.#
####+ #....@..#.#
#. ###.......# #.
####....##.# ##.
#.........}#
######.. .
#####......#
#.......
...#######.#.......
#.......
.~.........#.#..###
#.......
........##.#.#....
#.......
...####.##.#.##.#.#
#..>....


You could see a troll.

Vanquished Creatures
  A two-headed ogre (D:8)
  A kobold demonologist (D:8)
  A hornet (D:8)
  4 yaks (D:7)
  A vampire (D:9)
  2 steam dragons (D:8)
  4 black bears
  An orc warrior (D:5)
  3 ice beasts
  An ogre (D:5)
  3 centaurs
  A phantom (D:5)
  A gnoll sergeant (D:7)
  5 kobold brigands
  3 scorpions
  4 bullfrogs
  4 wights (D:7)
  A bombardier beetle (D:5)
  2 gnoll boudas (D:5)
  3 jellies
  4 orc priests
  3 hounds
  2 iguanas
  2 sleepcaps
  Terence (D:3)
  6 orc wizards
  9 adders
  19 gnolls
  A river rat (D:3)
  3 white imps
  2 ufetubi
  4 dart slugs
  5 ribbon worms
  23 orcs
  13 bats
  5 endoplasms
  4 giant cockroaches
  10 goblins
  8 hobgoblins
  2 jackals (Sewer)
  9 quokkas
  7 ball pythons
  5 frilled lizards
  24 kobolds
  11 rats
  A spectral goblin (D:7)
229 creatures vanquished.

Notes
Turn   | Place    | Note
-------+----------+-------------------------------------------
     0 | D:1      | Newt the Merfolk Gladiator began the quest for the Orb.
     0 | D:1      | Reached XP level 1. HP: 16/16 MP: 1/1
    91 | D:1      | Reached XP level 2. HP: 24/24 MP: 2/2
   642 | D:2      | Found a faded altar of an unknown god.
   649 | D:2      | Reached XP level 3. HP: 30/30 MP: 3/3
  1228 | D:2      | Identified the +6 short sword of Painful Death {antimagic,
                  | ^Contam rElec rPois rN+}
  1233 | D:2      | Identified the +0 robe of Powerful Wonder {rElec Will++
                  | Regen+ Str-2}
  1441 | D:3      | Reached XP level 4. HP: 38/38 MP: 1/4
  1501 | D:3      | Found a glowing drain.
  1505 | Sewer    | Entered a sewer
  1511 | Sewer    | Reached skill level 5 in Fighting
  1560 | Sewer    | Noticed a kobold brigand
  1561 | Sewer    | Noticed a kobold brigand
  1588 | Sewer    | Killed a kobold brigand
  1589 | Sewer    | Reached XP level 5. HP: 41/44 MP: 1/5
  1606 | Sewer    | Killed a kobold brigand
  1634 | Sewer    | Found a white marble altar of Elyvilon.
  1805 | D:3      | Reached XP level 6. HP: 51/51 MP: 2/6
  1843 | D:3      | Reached skill level 5 in Short Blades
  2350 | D:3      | Found a burning altar of Makhleb.
  2449 | D:3      | Noticed Terence
  2456 | D:3      | Killed Terence
  2663 | D:4      | Found a runed translucent door.
  2663 | D:4      | Noticed lucidstorm14's ghost (amateur MiFi)
  2692 | D:4      | Reached skill level 1 in Stealth
  2891 | D:4      | Reached XP level 7. HP: 56/56 MP: 2/7
  2971 | D:4      | Found a snail-covered altar of Cheibriados.
  3386 | D:5      | Entered Level 5 of the Dungeon
  3386 | D:5      | Found a staircase to the Ecumenical Temple.
  3394 | Temple   | Entered the Ecumenical Temple
  3405 | Temple   | Became a worshipper of Warmaster Okawaru
  3518 | D:5      | Reached skill level 5 in Stealth
  3782 | D:5      | Reached XP level 8. HP: 59/62 MP: 2/8
  3979 | D:5      | Reached * piety under Okawaru
  4157 | D:5      | Reached skill level 5 in Dodging
  5229 | D:5      | Reached ** piety under Okawaru
  5230 | D:5      | Reached XP level 9. HP: 30/68 MP: 3/9
  5765 | D:6      | Found an ornate altar of the Wu Jian Council.
  5777 | D:6      | Found a glowing silver altar of Zin.
  5778 | D:6      | Found a white marble altar of Elyvilon.
  5783 | D:6      | Found a glowing golden altar of the Shining One.
  5960 | D:6      | Found Wyxoug Mase's Antique Armour Emporium.
  5964 | D:6      | Bought a dyed leather armour for 175 gold pieces
  6094 | D:7      | Found a blossoming altar of Fedhas.
  6129 | D:7      | Reached skill level 10 in Short Blades
  6183 | D:7      | Reached *** piety under Okawaru
  6377 | D:7      | Reached skill level 10 in Stealth
  6487 | D:7      | Reached skill level 1 in Evocations
  7119 | D:7      | Found a hazy altar of Hepliaklqana.
  7287 | D:8      | Found a staircase to the Lair.
  7309 | D:8      | Reached XP level 10. HP: 74/74 MP: 3/10
  7392 | D:8      | Noticed a two-headed ogre
  7403 | D:8      | Killed a two-headed ogre
  7404 | D:8      | Reached skill level 5 in Evocations
  7713 | D:8      | Reached **** piety under Okawaru
  7754 | D:8      | Reached skill level 1 in Invocations
  7987 | D:8      | Noticed a kobold demonologist
  8000 | D:8      | Noticed a rust devil
  8003 | D:8      | Killed a kobold demonologist
  8375 | D:9      | Found an ancient bone altar of Kikubaaqudgha.
  8375 | D:9      | Found a broken altar of Ashenzari.
  8390 | D:9      | Identified the +8 chain mail of Deil {-Cast rCorr Dex+5
                  | SInv}
  8618 | D:9      | Reached skill level 5 in Invocations
  8649 | D:9      | Found Totecu Elapp's Lightly-Used Armoury.
  8681 | D:9      | Slain by a troll

Illustrated notes

Levels and vault maps discovered:
D:1:      saegor_arrival_simple_a, layout_loops_cross, minmay_crystal_water,
          nicolae_houndstooth_variations
D:2:      layout_basic, basic_ecumenical_altar
D:3:      layout_loops_ring, bloody_makhleb, gup_sewer_entry_spiral,
          kennysheep_donut, roderic_batcave, uniq_terence
D:4:      layout_loops_ring, cheibrodos_worm_habitat, gammafunk_ghost_grave
D:5:      layout_cave_pools, minmay_temple_entry_junction,
          kennysheep_generic_room_14
D:6:      minmay_angry_zag, layout_cave_pools, good_gods_mini_temple,
          nzn_wu_jian_council_hall, serial_shops, nicolae_shop_back_alley_shop
D:7:      layout_basic, nicolae_hepliaklqana_monster_ancestors,
          kennysheep_mini_moat, feat_on_display
D:8:      layout_basic, dpeg_oklobed_lair
D:9:      layout_basic, gammafunk_temple_overflow_pools, minmay_shop_damaged
Temple:   hellmonk_temple_flake

Skill      XL: |  1  2  3  4  5  6  7  8  9 10 |
---------------+-------------------------------+-----
Fighting       | 3 4 5 |  5.0
Short Blades   | 3 4 6 8 10 | 10.0
Stealth        | 2 6 7 10 | 10.0
Dodging        | 7 |  7.0
Evocations     | 3 6 |  6.0
Invocations    | 5 |  5.3
Polearms       | |  4.0
Throwing       | |  2.0

Action                     |  1- 3 |  4- 6 |  7- 9 | 10-12 || total
---------------------------+-------+-------+-------+-------++-------
  Melee: Trident           |    81 |       |       |       ||    81
         Short sword       |     4 |   224 |   513 |   163 ||   904
         Punch             |     1 |     4 |     5 |       ||    10
         Tailslap          |       |    10 |     2 |       ||    12
  Throw: Throwing net      |       |       |     3 |     3 ||     6
  Evoke: Wand              |       |       |     2 |     2 ||     4
    Use: Scroll            |     7 |     2 |     5 |       ||    14
   Stab: Sleeping          |     2 |     4 |     6 |     4 ||    16
         Held in net/web   |       |       |     4 |     1 ||     5
 Armour: Leather armour    |    30 |       |       |       ||    30
         Robe              |     1 |    85 |   249 |    56 ||   391
         Chain mail        |       |       |       |    10 ||    10
  Dodge: Dodged            |    35 |   121 |   343 |    61 ||   560
  Block: Kite shield       |       |       |     4 |    56 ||    60

Table legend: (Time is in decaauts)
 A = Elapsed time spent in this place.
 B = Non-inter-level travel time spent in this place.
 C = Inter-level travel time spent in this place.
 D = Time resting spent in this place.
 E = Time spent auto-exploring this place.
 F = Levels seen in this place.
 G = Mean time per level.
                   A        B        C        D        E       F      G
               +--------+--------+--------+--------+--------+-----+--------+
         Total |   8307 |   7970 |    337 |   1580 |   4787 |  11 |  755.2 |
       Dungeon |   8103 |   7787 |    316 |   1580 |   4696 |   9 |  900.3 |
        Temple |     22 |      1 |     21 |      0 |      0 |   1 |   22.0 |
         Sewer |    182 |    182 |      0 |      0 |     91 |   1 |  182.0 |
               +--------+--------+--------+--------+--------+-----+--------+

Top non-repeatable levels by time:
     D:5: 1897 daAuts
     D:7: 1174 daAuts
     D:3: 999 daAuts
     D:8: 945 daAuts
     D:2: 731 daAuts
     D:4: 721 daAuts
     D:1: 626 daAuts
     D:6: 598 daAuts
     D:9: 407 daAuts
   Sewer: 182 daAuts
  Temple: 22 daAuts
